 Dungeon Crawl Stone Soup version 0.31-a0-175-g9f7f995f2b (webtiles) character file.

Game seed: 4368704043663316955

1094 Monkooky the Slasher (level 8, -1/62 HPs)
             Began as a Mummy Monk on June 17, 2023.
             Was a Priest of Qazlal.
             Slain by a gnoll
             ... wielding a +0 halberd
             ... led by a gnoll bouda
              (9 damage)
             ... on level 6 of the Dungeon.
             The game lasted 00:06:35 (4621 turns).

Monkooky the Slasher (Mummy Monk)                   Turns: 4621, Time: 00:06:36

Health: -1/62      AC:  5    Str: 21    XL:     8   Next: 10%
Magic:  8/8        EV: 11    Int:  9    God:    Qazlal [***...]
Gold:   280        SH:  4    Dex: 16    Spells: 7/7 levels left

rFire   x . .        p - +0 scimitar
rCold   + . .        c - orb {light}
rNeg    + + +        u - +0 ring mail
rPois   ∞            (no helmet)
rElec   .            t - scarf {+Inv}
rCorr   .            (no gloves)
SInv    .            (no boots)
Will    +....        (no amulet)
Stlth   +            k - +6 ring of strength
HPRegen 0.30/turn    (no ring)
MPRegen 0.11/turn

%: faith
@: glowing
A: cold resistance 1, negative energy resistance 3, torment resistance 2, heat
vulnerability 1, in touch with death 1, no potions, faith
a: Renounce Religion, Evoke Invisibility, Upheaval, Elemental Force


You were on level 6 of the Dungeon.
You worshipped Qazlal.
Qazlal was most pleased with you.
You visited 1 branch of the dungeon, and saw 6 of its levels.

You collected 280 gold pieces.

Inventory:

Hand Weapons
 a - a +0 mace
 h - a +4 dagger
 m - a +0 long sword
 p - a +0 scimitar (weapon)
Missiles
 g - 20 poisoned darts
Armour
 b - a +0 robe
 c - an orb of light (worn)
 t - a scarf of invisibility (worn)
 u - a +0 ring mail (worn)
Magical Staves
 o - a staff of conjuration
Jewellery
 k - a +6 ring of strength (left hand)
Wands
 v - a wand of light (6)
 w - a wand of iceblast (2)
 y - a wand of digging (6)
 z - a wand of flame (12)
Scrolls
 d - a scroll of fog
 e - 2 scrolls of fear {unknown}
 f - a scroll of poison {unknown}
 i - 2 scrolls of identify {unknown}
 l - a scroll of torment {unknown}
 n - a scroll of acquirement {unknown}
 q - a scroll of enchant armour {unknown}
 r - a scroll of immolation {unknown}
 s - a scroll of noise {unknown}
 x - a scroll of amnesia {unknown}


   Skills:
 - Level 5.0 Fighting
 + Level 7.1 Long Blades
 - Level 2.4 Maces & Flails
 - Level 2.4 Dodging


You had 7 spell levels left.
You didn't know any spells.
Your spell library contained the following spells:

 Spells                   Type           Power      Damage    Failure   Level
 Blink                    Tloc           0%         N/A       71%         2
 Scorch                   Fire           0%         2d5       71%         2
 Vhi's Electric Charge    Tloc/Air       0%         N/A       90%         3
 Flame Wave               Conj/Fire      0%         2d4       100%        4
 Manifold Assault         Tloc           0%         N/A       100%        4
 Arcjolt                  Conj/Air       0%         1d10      100%        5
 Plasma Beam              Fire/Air       0%         2x1d10    100%        6
 Summon Cactus Giant      Summ           0%         N/A       100%        6
 Storm Form               Tmut/Air       Unusable   N/A       N/A         7

Dungeon Overview and Level Annotations

Branches:
Dungeon (6/15)             Temple (0/1) D:4

Altars:
Ashenzari
Fedhas
Kikubaaqudgha
Qazlal

Annotations:
D:5 5 runed translucent doors
D:6 Edmund


Innate Abilities, Weirdness & Mutations

You are immune to poison.
Your flesh is cold resistant. (rC+)
You are immune to negative energy. (rN+++)
You are immune to unholy pain and torment.
You are vulnerable to heat. (rF-)
You are in touch with the powers of death.
You do not drink.
You have a special connection with the divine. (Faith)


Message History

There is a stone staircase leading down here.
You start resting.
HP restored.
You climb downwards.
Level annotation: Edmund Edmund hits you with a +2 flail of holy wrath!
You convulse.
There is a stone staircase leading up here.
Unknown command.
Aiming: Bolt of Light
Press: ? - help, Shift-Dir - straight line, f - Edmund
Aim: Edmund, wielding a +2 flail of holy wrath and wearing a +0 chain mail (haloed, 86% to hit)
The bolt of light hits Edmund.
Edmund is lightly wounded.
Edmund is blinded.
Edmund hits you with a +2 flail of holy wrath!
You convulse!
Edmund hits you with a +2 flail of holy wrath!
* * * LOW HITPOINT WARNING * * *
You convulse!
* * * LOW HITPOINT WARNING * * *
Unknown command.
Edmund gestures with his flail.
Edmund is engulfed in freezing vapours.
Items here: ( ))))) [[ ††.
Okay, then.
Press: ? - help, v - describe, . - travel
Here: Edmund, wielding a +2 flail of holy wrath and wearing a +0 chain mail (lightly wounded, blind, haloed)
The floor.
As you read the scroll of teleportation, it crumbles to dust.
You feel strangely unstable. Edmund closely misses you.
Your surroundings suddenly seem different.
A gnoll bouda, 3 gnolls, an iguana and 2 wights come into view.
A wight is wielding a +1 spear of freezing.
Found a stone staircase leading down and a stone staircase leading up.
The gnoll shouts!
The iguana hisses angrily.
You hear an angry hiss.
The gnoll bouda barks out a call to the hunt!
The gnolls pick up the pace!
The gnoll hits you from afar with a +0 halberd!
You die...

......>.......
####.......... .#...
#.......... #.....
###.#####.. #..... #
##...# #g. ..#.##
###[)### ###...##.....#.
...[## .....<#........
.....## #.....z.....>
......#. #....@g......
.........# #.....g..z...
.......#......#.g...l...
.......# #### ..........
......## ##.........
<....## #.........
.....## ..#.....##
†)....# #. ######
......#


You could see a gnoll bouda, an iguana, 2 wights and 3 gnolls.

Vanquished Creatures
  A black bear (D:6)
  An orc warrior (D:6)
  An ice beast (D:5)
  2 ogres (D:5)
  A phantom (D:4)
  A scorpion (D:5)
  A howler monkey (D:6)
  3 hounds
  An orc priest (D:6)
  A jelly (D:4)
  2 iguanas (D:4)
  An orc wizard (D:6)
  A sleepcap (D:6)
  11 adders
  A white imp (D:5)
  2 worms
  4 dart slugs
  19 orcs
  2 ball pythons
  4 endoplasms
  5 giant cockroaches
  9 goblins
  6 hobgoblins
  2 jackals (D:3)
  5 quokkas
  2 bats
  2 frilled lizards
  5 kobolds
  10 rats
106 creatures vanquished.

Notes
Turn   | Place    | Note
-------+----------+-------------------------------------------
     0 | D:1      | Monkooky the Mummy Monk began the quest for the Orb.
     0 | D:1      | Reached XP level 1. HP: 18/18 MP: 1/1
   194 | D:1      | Reached XP level 2. HP: 24/24 MP: 2/2
   921 | D:2      | Gained mutation: You are in touch with the powers of death.
                  | [Mummy growth]
   921 | D:2      | Reached XP level 3. HP: 27/30 MP: 3/3
  1260 | D:2      | Reached XP level 4. HP: 28/38 MP: 4/4
  1341 | D:2      | Reached skill level 5 in Fighting
  1669 | D:3      | Reached skill level 1 in Long Blades
  2242 | D:3      | Noticed an air elemental
  2244 | D:3      | Found a stormy altar of Qazlal.
  2246 | D:3      | Noticed an earth elemental
  2246 | D:3      | Noticed a water elemental
  2246 | D:3      | Noticed a fire elemental
  2392 | D:3      | Became a worshipper of Qazlal Stormbringer
  2392 | D:3      | Reached * piety under Qazlal
  2392 | D:3      | Reached ** piety under Qazlal
  2460 | D:4      | Reached skill level 2 in Long Blades
  2460 | D:4      | Reached XP level 5. HP: 15/44 MP: 5/5
  2635 | D:4      | Reached skill level 3 in Long Blades
  2683 | D:4      | Noticed a phantom
  2694 | D:4      | Killed a phantom
  2695 | D:4      | Reached XP level 6. HP: 37/51 MP: 6/6
  2998 | D:4      | Reached skill level 4 in Long Blades
  3038 | D:4      | Found a staircase to the Ecumenical Temple.
  3491 | D:5      | Entered Level 5 of the Dungeon
  3611 | D:5      | Found an ancient bone altar of Kikubaaqudgha.
  3675 | D:5      | Noticed a water moccasin
  3675 | D:5      | Noticed a water moccasin
  3675 | D:5      | Noticed a water moccasin
  3676 | D:5      | Found a runed translucent door.
  3677 | D:5      | Noticed a redback
  3677 | D:5      | Noticed a redback
  3678 | D:5      | Found a runed translucent gate.
  3685 | D:5      | Found a runed translucent gate.
  3688 | D:5      | Found the +9 staff of Olgreb {rPois∞}
  3693 | D:5      | Found a runed translucent door.
  3709 | D:5      | Noticed an ice beast
  3720 | D:5      | Killed an ice beast
  3721 | D:5      | Reached skill level 5 in Long Blades
  3721 | D:5      | Reached XP level 7. HP: 47/56 MP: 7/7
  3860 | D:5      | Reached skill level 6 in Long Blades
  3942 | D:5      | Found a runed translucent gate.
  3945 | D:5      | Noticed a redback
  3982 | D:5      | Noticed a redback
  4000 | D:5      | Found a blossoming altar of Fedhas.
  4437 | D:6      | Found a broken altar of Ashenzari.
  4467 | D:6      | Reached *** piety under Qazlal
  4514 | D:6      | Reached XP level 8. HP: 45/62 MP: 8/8
  4521 | D:6      | Reached skill level 7 in Long Blades
  4537 | D:6      | Noticed Edmund
  4621 | D:6      | Slain by a gnoll

Illustrated notes

Levels and vault maps discovered:
D:1:      amcnicky_arrival_flooded_fountain, layout_loops_ring
D:2:      layout_rooms
D:3:      layout_loops_ring, nicolae_qazlal_style_of_elements, st_stairs_8
D:4:      layout_basic, minmay_temple_entry_stoned_glass,
          minmay_tree_intersection
D:5:      layout_gridville, lemuel_tele_altar,
          mainiacjoe_overflow_six_doors_small,
          minmay_guarded_unrand_staff_of_olgreb
D:6:      layout_rooms, mainiacjoe_overflow_tiny_flanked, uniq_edmund

Skill      XL: |  1  2  3  4  5  6  7  8 |
---------------+-------------------------+-----
Fighting       | 4 5 |  5.0
Long Blades    | 2 3 5 6 7 |  7.1
Maces & Flails | |  2.4
Dodging        | |  2.4

Action                     |  1- 3 |  4- 6 |  7- 9 || total
---------------------------+-------+-------+-------++-------
  Melee: Mace              |    29 |       |       ||    29
         Dagger            |    62 |    78 |       ||   140
         Scimitar          |       |    71 |    49 ||   120
  Evoke: Wand              |       |       |     3 ||     3
    Use: Scroll            |       |     2 |     1 ||     3
 Armour: Robe              |    16 |    13 |       ||    29
         Ring mail         |       |     4 |    11 ||    15
  Dodge: Dodged            |    41 |    83 |    32 ||   156
  Block: Orb               |       |     9 |     6 ||    15

Table legend: (Time is in decaauts)
 A = Elapsed time spent in this place.
 B = Non-inter-level travel time spent in this place.
 C = Inter-level travel time spent in this place.
 D = Time resting spent in this place.
 E = Time spent auto-exploring this place.
 F = Levels seen in this place.
 G = Mean time per level.
                   A        B        C        D        E       F      G
               +--------+--------+--------+--------+--------+-----+--------+
         Total |   4645 |   4359 |    286 |    189 |   3437 |   6 |  774.2 |
       Dungeon |   4645 |   4359 |    286 |    189 |   3437 |   6 |  774.2 |
               +--------+--------+--------+--------+--------+-----+--------+

Top non-repeatable levels by time:
     D:3: 1021 daAuts
     D:5: 994 daAuts
     D:1: 938 daAuts
     D:4: 886 daAuts
     D:2: 663 daAuts
     D:6: 142 daAuts
